 Dungeon Crawl Stone Soup version 0.27-a0-54-g64bdb92e38 (webtiles) character file.

Game seed: 16261854539280320921

2003 Essalna the Purveyor of Pain (level 9, -3/52 (67) HPs)
             Began as a Demonspawn Necromancer on Jan 7, 2021.
             Was an Initiate of Kikubaaqudgha.
             Slain by a wight
             ... wielding a cursed +0 battleaxe
              (7 damage)
             ... on level 6 of the Dungeon.
             The game lasted 00:22:26 (8977 turns).

Essalna the Purveyor of Pain (DsNe)                 Turns: 8977, Time: 00:22:27

HP:   -3/52 (67)    AC:  9    Str: 16    XL:     9   Next: 2%
MP:   18/18         EV: 14    Int: 19    God:    Kikubaaqudgha [......]
Gold: 361           SH:  4    Dex: 16    Spells: 7/20 levels left

rFire    . . .     SeeInvis .   c - +0 falchion
rCold    . . .     Faith    .   z - +0 buckler
rNeg     . . .     Spirit   .   s - +1 robe {Archmagi}
rPois    .         Reflect  .   (no helmet)
rElec    .         Harm     .   (no cloak)
rCorr    .         Rampage  .   o - +2 pair of gloves {Dex+3}
Will     .....                  d - +0 pair of boots
Stlth    ++........             (no amulet)
HPRegen  0.17/turn              w - +6 ring of strength
MPRegen  0.16/turn              (no ring)

@: mighty, heavily drained
A: hooves 2, rugged brown scales 2, powered by pain 1
a: Renounce Religion


You were on level 6 of the Dungeon.
You worshipped Kikubaaqudgha.
Kikubaaqudgha was noncommittal.
You visited 2 branches of the dungeon, and saw 8 of its levels.

You collected 361 gold pieces.

Inventory:

Hand Weapons
 c - a +0 falchion (weapon)
Armour
 a - a +0 robe
 d - a +0 pair of boots (worn)
 o - a +2 pair of gloves of dexterity (worn)
 s - a +1 robe of the Archmagi (worn)
 z - a +0 buckler (worn)
Jewellery
 w - a +6 ring of strength (left hand)
Wands
 h - a wand of flame (8)
Scrolls
 e - 3 scrolls of amnesia
 f - 11 scrolls of remove curse
 g - 7 scrolls of identify {unknown}
 k - 3 scrolls of fog {unknown}
 m - 3 scrolls of teleportation {unknown}
 p - 3 scrolls of fear {unknown}
 u - a scroll of enchant weapon {unknown}
 x - a scroll of blinking {unknown}
 y - a scroll of vulnerability {unknown}
Potions
 b - 2 potions of mutation {unknown}
 i - 2 potions of attraction {unknown}
 j - 6 potions of curing {unknown}
 l - 2 potions of lignification {unknown}
 n - a potion of haste {unknown}
 q - a potion of resistance {unknown}
 r - 2 potions of heal wounds {unknown}
 t - 2 potions of degeneration {unknown}
 v - a potion of might {unknown}


   Skills:
 + Level 3.5 Fighting
 + Level 3.2 Armour
 + Level 3.8 Dodging
 - Level 1.7 Stealth
 + Level 1.3 Shields
 + Level 6.3 Spellcasting
 - Level 8.2 Necromancy
 + Level 1.4 Transmutations
 + Level 1.4 Ice Magic


You had 7 spell levels left.
You knew the following spells:

 Your Spells              Type           Power        Failure   Level
a - Pain                  Necr           100%         1%          1
b - Vampiric Draining     Necr           27%          1%          3
c - Agony                 Necr           54%          14%         5
d - Ice Form              Ice/Tmut       17%          63%         4

Your spell library contained the following spells:

 Spells                   Type           Power        Failure   Level
 Animate Skeleton         Necr           100%         1%          1
 Animate Dead             Necr           27%          5%          4
 Beastly Appendage        Tmut           34%          9%          1
 Wereblood                Tmut           17%          13%         2
 Spider Form              Tmut/Pois      6%           34%         3
 Blade Hands              Tmut           8%           93%         5


Dungeon Overview and Level Annotations

Branches:
Dungeon (7/15)             Temple (1/1) D:7

Altars:
Ashenzari
Cheibriados
Dithmenos
Elyvilon
Fedhas
Gozag
Hepliaklqana
Kikubaaqudgha
Makhleb
Okawaru
Qazlal
Ru
Sif Muna
Trog
Uskayaw
Vehumet
Wu Jian
Xom
Yredelemnul
Zin
The Shining One

Shops:
D:5 *

Annotations:
D:5 5 runed translucent doors


Innate Abilities, Weirdness & Mutations

You have hoof-like feet.
You are mostly covered in rugged brown scales. (AC +2, +5% HP)
You sometimes gain a little power by taking damage.


Message History

Aim: a wight, wielding a +0 battleaxe and wearing a cursed +0 robe (32% to evade)
The puff of flame hits the wight.
The wight is lightly damaged.
The wight closely misses you.
Evoke which item? (* to show all) (? for menu, Esc to quit)
Aiming: Throw Flame
Press: ? - help, Shift-Dir - straight line, f/p - wight
Aim: a wight, wielding a +0 battleaxe and wearing a cursed +0 robe (lightly damaged, 32% to evade)
The puff of flame hits the wight.
The wight is moderately damaged.
The wight closely misses you.
Evoke which item? (* to show all) (? for menu, Esc to quit)
Aiming: Throw Flame
Press: ? - help, Shift-Dir - straight line, f/p - wight
Aim: a wight, wielding a +0 battleaxe and wearing a cursed +0 robe (moderately damaged, 32% to evade)
The puff of flame hits the wight.
The wight is heavily damaged.
The wight hits you with a cursed +0 battleaxe!
You die...
Kikubaaqudgha rasps: "You have failed me!
Welcome... death!"

#..####.†...# #....
##.#####†...## #....
.............## #####....
#....####.....### ###........
#..#..#####.....#######...#......
#..##.....#......##.....##..#....
##..#####.....##..#.###....##....
.....########.......##).#########
##.#...# ##..@z.....##########
#.#...## ###.#...............
#.##...#######...###.##[..##..##
#.###...............>#..#####.##
##.###.......##.##.#<......#.....
....######....#.##...(...........
###.## ##...).....(.......(....
###..#####......#................
...........####.##..(............


You could see a wight.

Vanquished Creatures
  Sigmund (D:4)
  A sky beast (D:6)
  A black bear (D:6)
  A necrophage (D:7)
  4 ogres
  2 phantoms
  A centaur (D:6)
  A bullfrog (D:7)
  2 scorpions
  A water moccasin skeleton (D:5)
  A wight (D:6)
  A centaur zombie (D:6)
  A centaur skeleton (D:7)
  An orc priest (D:3)
  3 hounds
  A jelly (D:2)
  An orc wizard (D:5)
  A bullfrog skeleton (D:6)
  Jessica (D:2)
  Natasha (thrice) (D:4)
  5 worker ants
  3 hound zombies (D:5)
  2 hound skeletons
  5 adders
  3 shadow imps
  2 oozes
  A worm (D:3)
  3 dart slugs
  3 leopard geckos
  16 orcs
  4 giant cockroaches
  7 goblins
  9 hobgoblins
  6 jackals (D:6)
  4 quokkas
  A ball python (D:1)
  9 bats
  7 frilled lizards
  7 kobolds
  5 rats
131 creatures vanquished.

Notes
Turn   | Place    | Note
-------+----------+-------------------------------------------
     0 | D:1      | Essalna the Demonspawn Necromancer began the quest for the
                  | Orb.
     0 | D:1      | Reached XP level 1. HP: 13/13 MP: 3/3
   125 | D:1      | You fall into a shaft and drop 1 floor!
   169 | D:2      | Noticed Jessica
   186 | D:2      | Noticed a worker ant
   187 | D:2      | Killed Jessica
   188 | D:2      | Reached skill level 5 in Necromancy
   188 | D:2      | Gained mutation: You have large cloven feet. [demonic
                  | ancestry]
   188 | D:2      | Reached XP level 2. HP: 13/19 MP: 0/5
   188 | D:2      | Gained mutation: You are partially covered in rugged brown
                  | scales. (AC +1, +3% HP) [demonic ancestry]
   188 | D:2      | Reached XP level 3. HP: 13/24 MP: 0/7
   579 | D:3      | Found a faded altar of an unknown god.
  1069 | D:3      | Gained mutation: You have hoof-like feet. [demonic
                  | ancestry]
  1069 | D:3      | Reached XP level 4. HP: 30/30 MP: 8/8
  2541 | D:2      | Gained mutation: You are mostly covered in rugged brown
                  | scales. (AC +2, +5% HP) [demonic ancestry]
  2541 | D:2      | Reached XP level 5. HP: 26/36 MP: 4/10
  3080 | D:3      | Reached skill level 6 in Necromancy
  3237 | D:3      | Learned a level 3 spell: Vampiric Draining
  3808 | D:4      | Noticed Natasha
  3812 | D:4      | Killed Natasha
  3883 | D:4      | Noticed an ogre
  3891 | D:4      | Killed an ogre
  3892 | D:4      | Gained mutation: You sometimes gain a little power by
                  | taking damage. [demonic ancestry]
  3892 | D:4      | Reached XP level 6. HP: 43/43 MP: 1/12
  4014 | D:4      | Noticed Natasha
  4037 | D:5      | Entered Level 5 of the Dungeon
  4184 | D:4      | Noticed Sigmund
  4346 | D:4      | Killed Natasha
  4353 | D:4      | Noticed Natasha
  4357 | D:4      | Killed Natasha
  4475 | D:4      | Killed Sigmund
  4476 | D:4      | Reached skill level 5 in Spellcasting
  4476 | D:4      | Reached skill level 7 in Necromancy
  4476 | D:4      | Reached XP level 7. HP: 31/48 MP: 6/14
  4508 | D:4      | Learned a level 5 spell: Agony
  4718 | D:5      | Found a runed translucent door.
  4884 | D:5      | Reached skill level 1 in Fighting
  5249 | D:5      | Reached skill level 1 in Armour
  5639 | D:5      | Found a runed translucent gate.
  5641 | D:5      | Found the +9 staff of Olgreb {rPois∞}
  5769 | D:5      | Found a runed translucent door.
  5774 | D:5      | Found a runed translucent gate.
  5776 | D:5      | Found a runed translucent gate.
  5833 | D:5      | Found Xoejeos's Assorted Antiques.
  6635 | D:6      | Reached XP level 8. HP: 7/58 MP: 16/16
  7337 | D:6      | Reached skill level 8 in Necromancy
  7544 | D:6      | Learned a level 4 spell: Ice Form
  7841 | D:6      | Reached skill level 1 in Ice Magic
  8088 | D:7      | Reached skill level 1 in Transmutations
  8166 | D:7      | Reached skill level 1 in Shields
  8322 | D:7      | Reached XP level 9. HP: 34/59 MP: 15/18
  8515 | D:7      | Found a staircase to the Ecumenical Temple.
  8529 | Temple   | Entered the Ecumenical Temple
  8740 | Temple   | Became a worshipper of Kikubaaqudgha
  8977 | D:6      | Slain by a wight

Illustrated notes

Levels and vault maps discovered:
D:1:      amcnicky_arrival_underground_garden, layout_loops_ring
D:2:      layout_loops_ring, corexii_corridor_pit, minmay_fountain_box,
          uniq_jessica
D:3:      layout_basic, chequers_ecumenical_altar_simple_redux,
          kennysheep_generic_room_9
D:4:      layout_basic, uniq_sigmund, uniq_natasha
D:5:      layout_cave_pools, serial_shops, kennysheep_mini_moat, st_stairs_8,
          minmay_guarded_unrand_staff_of_olgreb
D:6:      layout_rooms
D:7:      layout_cave_pods, kennysheep_mini, minmay_temple_entry_purple_smoke
Temple:   minmay_crystal_snake_temple

Skill      XL: |  1  2  3  4  5  6  7  8 |
---------------+-------------------------+-----
Necromancy     | 5 6 7 8 |  8.2
Spellcasting   | 3 4 5 6 |  6.3
Dodging        | 2 3 |  3.8
Fighting       | 2 3 |  3.5
Armour         | 1 3 |  3.2
Ice Magic      | 1 |  1.4
Transmutations | 1 |  1.4
Shields        | 1 |  1.3
Stealth        | |  1.7

Action                   |  1- 3 |  4- 6 |  7- 9 || total
-------------------------+-------+-------+-------++-------
Melee: Unarmed           |     5 |       |       ||     5
       Falchion          |     7 |    94 |   263 ||   364
 Cast: Pain              |    27 |    78 |    63 ||   168
       Vampiric Draining |       |     2 |    21 ||    23
       Agony             |       |       |     1 ||     1
Evoke: Wand              |       |       |     3 ||     3
  Use: Scroll            |       |     2 |       ||     2
 Stab: Sleeping          |     2 |     3 |     3 ||     8
Armor: Robe              |     9 |    45 |   127 ||   181
Dodge: Dodged            |    24 |   104 |   196 ||   324
Block: Buckler           |       |       |    14 ||    14
       Rpst.: Falchion   |     3 |    35 |    63 ||   101

Table legend: (Time is in decaauts)
 A = Elapsed time spent in this place.
 B = Non-inter-level travel time spent in this place.
 C = Inter-level travel time spent in this place.
 D = Time resting spent in this place.
 E = Time spent auto-exploring this place.
 F = Levels seen in this place.
 G = Mean time per level.
                   A        B        C        D        E       F      G
               +--------+--------+--------+--------+--------+-----+--------+
         Total |   9107 |   8757 |    350 |    271 |   6711 |   8 | 1138.4 |
       Dungeon |   8888 |   8593 |    295 |    271 |   6560 |   7 | 1269.7 |
        Temple |    218 |    163 |     55 |      0 |    151 |   1 |  218.0 |
               +--------+--------+--------+--------+--------+-----+--------+

Top non-repeatable levels by time:
     D:5: 2150 daAuts
     D:3: 1721 daAuts
     D:4: 1273 daAuts
     D:6: 1191 daAuts
     D:1: 1132 daAuts
     D:2: 958 daAuts
     D:7: 460 daAuts
  Temple: 218 daAuts
